 Dungeon Crawl Stone Soup version 0.26-a0-835-g8259106e14 (webtiles) character file.

Game seed: 3542825541655272930

1806 robertstho the Thaumaturge (level 8, -1/44 HPs)
             Began as a Deep Elf Ice Elementalist on Nov 17, 2020.
             Was a Follower of Sif Muna.
             Slain by Menkaure (9 damage)
             ... on level 7 of the Dungeon.
             The game lasted 00:12:57 (8571 turns).

robertstho the Thaumaturge (DEIE)                   Turns: 8571, Time: 00:12:58

Health: -1/44      AC:  3    Str:  5    XL:     8   Next: 84%
Magic:  23/23      EV: 14    Int: 23    God:    Sif Muna [*.....]
Gold:   341        SH:  0    Dex: 15    Spells: 10/25 levels left

rFire    . . .     SeeInvis .   A - +1 hand axe (freeze)
rCold    + . .     Faith    .   (no shield)
rNeg     . . .     Spirit   .   a - +0 robe
rPois    .         Reflect  .   (no helmet)
rElec    .         Harm     .   (no cloak)
rCorr    .         Rampage  .   (no gloves)
MR       .....                  m - +0 pair of boots
Stlth    +++.......             C - amulet of the acrobat
HPRegen  0.14/turn              p - ring of protection from cold
MPRegen  0.18/turn              (no ring)

@: no status effects
A: no striking features
a: Channel Magic, Renounce Religion


You were on level 7 of the Dungeon.
You worshipped Sif Muna.
Sif Muna was aware of your devotion.
You visited 2 branches of the dungeon, and saw 8 of its levels.
You also visited: Ossuary.

You collected 341 gold pieces.

Inventory:

Hand Weapons
 k - a +2 short sword of venom
 A - a +1 hand axe of freezing (weapon)
Missiles
 B - 17 poisoned darts (quivered)
Armour
 a - a +0 robe (worn)
 m - a +0 pair of boots (worn)
Jewellery
 n - an uncursed ring of fire
 p - a ring of protection from cold (left hand)
 C - an amulet of the acrobat (around neck)
Wands
 d - a wand of iceblast (17)
 w - a wand of polymorph (10)
 y - a wand of paralysis (9)
Scrolls
 b - 3 scrolls of fear {unknown}
 e - 4 scrolls of teleportation {unknown}
 h - 3 scrolls of enchant armour {unknown}
 i - a scroll of remove curse {unknown}
 l - 2 scrolls of immolation {unknown}
 o - 3 scrolls of magic mapping
 q - a scroll of fog {unknown}
 t - 2 scrolls of blinking
 x - a scroll of amnesia
 z - 2 scrolls of enchant weapon {unknown}
Potions
 c - 2 potions of heal wounds {unknown}
 f - 5 potions of might
 j - a potion of ambrosia
 r - 2 potions of invisibility
 s - a potion of resistance
 u - 2 potions of flight
 v - 2 potions of brilliance
 D - a potion of attraction {unknown}
 E - 2 potions of degeneration {unknown}
 F - a potion of haste


   Skills:
 + Level 1.9 Fighting
 + Level 3.2 Short Blades
 + Level 0.5(0.8) Axes
 + Level 0.6(0.8) Maces & Flails
 + Level 4.1 Dodging
 + Level 4.0 Stealth
 * Level 9.2 Spellcasting
 + Level 1.3 Summonings
 * Level 8.6 Ice Magic
 * Level 0.7 Invocations


You had 10 spell levels left.
You knew the following spells:

 Your Spells              Type           Power        Failure   Level
a - Freeze                Ice            ####         1%          1
b - Frozen Ramparts       Ice            ######       1%          3
c - Ozocubu's Armour      Ice            ######..     1%          3
d - Hailstorm             Conj/Ice       ####....     11%         4
e - Summon Ice Beast      Ice/Summ       ####....     8%          4

Your spell library contained the following spells:

 Spells                   Type           Power        Failure   Level
 Beastly Appendage        Tmut           ##....       6%          1
 Wereblood                Tmut           ##......     10%         2
 Ice Form                 Ice/Tmut       ####....     11%         4
 Spider Form              Tmut/Pois      ##........   19%         3
 Blade Hands              Tmut           ##........   86%         5


Dungeon Overview and Level Annotations

Branches:
Dungeon (7/15)             Temple (1/1) D:7         Ossuary (visited)

Altars:
Ashenzari
Kikubaaqudgha
Okawaru
Sif Muna
Trog
Vehumet
Yredelemnul

Annotations:
D:7 Menkaure


Message History

* * * LOW HITPOINT WARNING * * *
You hit Menkaure.
Menkaure is almost destroyed.
Menkaure calls on the powers of darkness!
Your body is wracked with pain!
* * * LOW HITPOINT WARNING * * *
You barely miss Menkaure.
Menkaure is almost destroyed.
Menkaure hits you.
* * * LOW HITPOINT WARNING * * *
Menkaure calls on the powers of darkness!
You feel a surge of unholy energy.
You feel better. Menkaure closely misses you.
You barely miss Menkaure.
Menkaure is almost destroyed.
Menkaure closely misses you.
You hit Menkaure.
Menkaure is almost destroyed.
Menkaure hits you!
You die...

***********,*********************
*,* *,,,,,,,,,,,,,,, *,*
*******,,,,,,,,, *,* *,,,,,,,,,
*,* *****+**** *,* *,**** *,*
*,,,,, #.###################**
#....M@.............#
###################.# #.# #######
#.#** #.....# #.#*,
#.###.#####.#*, #.# #.......#*,
#.# #########*, #.###########*,


You could see Menkaure (fast).

Vanquished Creatures
  An orc warrior (D:7)
  A phantom (D:5)
  A centaur (D:5)
  3 ogres
  A bullfrog (D:6)
  5 killer bees (D:6)
  A howler monkey (D:5)
  A bullfrog zombie (D:5)
  3 jellies
  A hound (D:4)
  3 orc wizards
  Jessica (D:2)
  4 worker ants
  An iguana (D:4)
  2 nameless horrors (D:5)
  A hound skeleton (D:5)
  A mummy (Ossuary)
  A howler monkey skeleton (D:4)
  3 adders
  A shadow imp (D:5)
  2 white imps
  An ooze (D:1)
  4 worms
  A dart slug (D:1)
  3 leopard geckos
  15 orcs
  6 giant cockroaches
  9 goblins
  6 hobgoblins
  14 jackals
  5 kobolds
  A quokka (D:2)
  2 ball pythons
  2 bats
  5 frilled lizards
  2 hobgoblin zombies
  A kobold zombie (Ossuary)
  A leopard gecko skeleton (D:4)
  2 orc zombies (Ossuary)
  A quokka skeleton (D:4)
  3 rats (D:2)
  2 rat zombies (D:7)
124 creatures vanquished.

Vanquished Creatures (collateral kills)
  An ice beast (D:5)
  A sky beast (D:5)
  A phantom (D:6)
  5 water moccasin zombies (Ossuary)
  A centaur zombie (D:5)
  3 big kobold zombies (Ossuary)
  A mummy (Ossuary)
  3 adder zombies (Ossuary)
  A giant cockroach (D:5)
  A gnoll zombie (Ossuary)
  4 hobgoblin zombies (Ossuary)
  4 kobold zombies (Ossuary)
  2 orc zombies (Ossuary)
28 creatures vanquished.

Vanquished Creatures (others)
  A water moccasin zombie (Ossuary)
  A hobgoblin zombie (Ossuary)
  5 toadstools (D:1)
7 creatures vanquished.

Grand Total: 159 creatures vanquished

Notes
Turn   | Place    | Note
-------+----------+-------------------------------------------
     0 | D:1      | robertstho the Deep Elf Ice Elementalist began the quest
                  | for the Orb.
     0 | D:1      | Reached XP level 1. HP: 10/10 MP: 6/6
    76 | D:1      | Reached XP level 2. HP: 4/15 MP: 1/8
   627 | D:1      | Reached skill level 5 in Ice Magic
  1359 | D:2      | Noticed Jessica
  1366 | D:2      | Killed Jessica
  1367 | D:2      | Reached skill level 4 in Spellcasting
  1367 | D:2      | Reached XP level 3. HP: 19/19 MP: 7/10
  2261 | D:2      | Reached XP level 4. HP: 16/24 MP: 12/12
  2269 | D:2      | Learned a level 3 spell: Frozen Ramparts
  2273 | D:2      | Learned a level 3 spell: Ozocubu's Armour
  2278 | D:2      | Learned a level 4 spell: Hailstorm
  3187 | D:4      | Noticed an ogre
  3196 | D:4      | Killed an ogre
  3197 | D:4      | Reached skill level 5 in Spellcasting
  3197 | D:4      | Reached XP level 5. HP: 28/28 MP: 10/14
  3443 | D:4      | Reached skill level 1 in Short Blades
  3455 | D:4      | Noticed an ogre
  3477 | D:4      | Killed an ogre
  3478 | D:4      | Reached XP level 6. HP: 4/33 MP: 9/16
  4278 | D:5      | Entered Level 5 of the Dungeon
  4293 | D:5      | Reached skill level 6 in Spellcasting
  4599 | D:5      | Reached skill level 1 in Fighting
  4641 | D:5      | Noticed an ice beast
  4650 | D:5      | Learned a level 4 spell: Summon Ice Beast
  4675 | D:5      | Reached XP level 7. HP: 23/38 MP: 16/18
  5195 | D:5      | Noticed a nameless horror
  5202 | D:5      | Killed a nameless horror
  5479 | D:5      | Reached skill level 7 in Spellcasting
  5616 | D:5      | Reached XP level 8. HP: 41/43 MP: 14/21
  6225 | D:6      | Reached skill level 1 in Summonings
  6665 | D:6      | Reached skill level 8 in Spellcasting
  7428 | D:7      | Found a staircase to the Ecumenical Temple.
  7440 | Temple   | Entered the Ecumenical Temple
  7456 | Temple   | Became a worshipper of Sif Muna the Loreminder
  7545 | D:7      | Found a sand-covered staircase.
  7564 | Ossuary  | Entered an ossuary
  7963 | Ossuary  | Reached skill level 9 in Spellcasting
  7972 | Ossuary  | Reached * piety under Sif Muna
  8559 | D:7      | Noticed Menkaure
  8571 | D:7      | Slain by Menkaure

Illustrated notes

Levels and vault maps discovered:
D:1:      ldierk_walled_garden, layout_loops_ring, grunt_decor_cap,
          minmay_misc_feat_columns
D:2:      layout_loops_corners, kennysheep_doodads, uniq_jessica
D:3:      layout_rooms
D:4:      layout_basic
D:5:      layout_loops_ring
D:6:      layout_loops_corners, feat_on_display
D:7:      minmay_chambers_of_sixes, layout_basic, lemuel_coloured_pillars_altar,
          minmay_temple_entry_junction_2, enter_ossuary_3, uniq_menkaure
Temple:   compressed_dpeg_circular_temple

Skill      XL: |  1  2  3  4  5  6  7  8 |
---------------+-------------------------+-----
Ice Magic      | 5 6 7 8 |  8.6
Spellcasting   | 4 5 6 7 9 |  9.2
Stealth        | 3 4 |  4.0
Short Blades   | 1 2 3 |  3.2
Dodging        | 3 4 |  4.1
Fighting       | 1 |  1.9
Summonings     | 1 |  1.3
Axes           | |  0.5
Maces & Flails | |  0.6
Invocations    | |  0.7

Action                   |  1- 3 |  4- 6 |  7- 9 || total
-------------------------+-------+-------+-------++-------
Melee: Whip              |    41 |       |       ||    41
       Short sword       |    29 |    95 |    77 ||   201
       Hand axe          |       |       |    43 ||    43
 Cast: Freeze            |    29 |     1 |       ||    30
       Frozen Ramparts   |       |    12 |    19 ||    31
       Summon Ice Beast  |       |     1 |    19 ||    20
  Use: Potion            |     1 |     1 |     2 ||     4
       Scroll            |       |       |    12 ||    12
 Stab: Sleeping          |     2 |     1 |     2 ||     5
       Distracted        |       |       |     3 ||     3
Armor: Robe              |    14 |    16 |    18 ||    48
Dodge: Dodged            |    52 |    69 |    94 ||   215

Table legend: (Time is in decaauts)
 A = Elapsed time spent in this place.
 B = Non-inter-level travel time spent in this place.
 C = Inter-level travel time spent in this place.
 D = Time resting spent in this place.
 E = Time spent auto-exploring this place.
 F = Levels seen in this place.
 G = Mean time per level.
                   A        B        C        D        E       F      G
               +--------+--------+--------+--------+--------+-----+--------+
         Total |   8556 |   8193 |    363 |    549 |   6288 |   9 |  950.7 |
       Dungeon |   7634 |   7282 |    352 |     12 |   6195 |   7 | 1090.6 |
        Temple |     27 |     16 |     11 |      0 |      9 |   1 |   27.0 |
       Ossuary |    893 |    893 |      0 |    537 |     84 |   1 |  893.0 |
               +--------+--------+--------+--------+--------+-----+--------+

Top non-repeatable levels by time:
     D:5: 1689 daAuts
     D:2: 1465 daAuts
     D:6: 1254 daAuts
     D:1: 1199 daAuts
     D:4: 1122 daAuts
 Ossuary: 893 daAuts
     D:3: 665 daAuts
     D:7: 238 daAuts
  Temple: 27 daAuts
